 Dungeon Crawl Stone Soup version 0.22-a0-113-gdd6f4a9 (webtiles) character file.

520662 kuniqs the Lord of Darkness (level 24, 132/132 HPs)
             Began as a Deep Elf Ice Elementalist on July 23, 2017.
             Was the Champion of Kikubaaqudgha.
             Quit the game on level 3 of the Depths on Jan 28, 2018.
             The game lasted 03:32:49 (78210 turns).

kuniqs the Lord of Darkness (DEIE)                 Turns: 78210, Time: 03:32:50

Health: 132/132    AC: 16    Str:  3    XL:     24   Next: 9%
Magic:  73/73      EV: 23    Int: 43    God:    Kikubaaqudgha [******]
Gold:   3028       SH: 18    Dex: 20    Spells: 6/63 levels left

rFire    + . .     SeeInvis +   U - staff of power
rCold    + . .     Gourm    .   P - +5 shield {reflect}
rNeg     . . .     Faith    .   N - +2 leather armour "Lusyf" {rElec rPois Dex+3}
rPois    +         Spirit   .   H - +4 helmet of Tenuz {Int+5}
rElec    +         Reflect  +   X - scarf {rC+ rF+}
rCorr    .         Harm     .   z - +2 pair of gloves
MR       ++++.                  A - +2 pair of boots of the Assassin {Detection Stab+ Stlth++}
Stlth    +++++++...             r - amulet of magic regeneration
HPRegen  0.32/turn              u - ring of Tulaw {MR+ MP+9 EV+3 Stlth+}
MPRegen  0.68/turn              M - +5 ring of intelligence

@: no status effects
A: see invisible, agile 1, blink, magic resistance 1, weak 1
}: 3/15 runes: serpentine, barnacled, slimy
a: Blink, Receive Corpses, Torment, Renounce Religion


You were on level 3 of the Depths.
You worshipped Kikubaaqudgha.
Kikubaaqudgha was exalted by your worship.
You were not hungry.

You visited 11 branches of the dungeon, and saw 50 of its levels.
You also visited: Labyrinth and Ossuary.

You collected 6796 gold pieces.
You spent 3768 gold pieces at shops.

Inventory:

Hand Weapons
 a - the +9 spear "Tirec" {drain, rC++ rN+ Int+4}
   (You took it off a guardian mummy on level 3 of the Crypt)

   A truly terrible weapon, it drains the life of those it strikes.
   It affects your intelligence (+4).
   It greatly protects you from cold.
   It protects you from negative energy.
 l - the +3 rapier "Cedikor" {pierce, rElec rF++}
   (You found it on level 4 of the Dungeon)

   It inflicts extra damage upon your enemies.
   It greatly protects you from fire.
   It insulates you from electricity.
Armour
 z - a +2 pair of gloves (worn)
 A - the +2 pair of boots of the Assassin (worn) {Detection Stab+ Stlth++}
   (You found it on level 5 of the Pits of Slime)

   It makes you much more stealthy.
 H - the +4 helmet of Tenuz (worn) {Int+5}
   (You found it on level 2 of the Lair of Beasts)

   It affects your intelligence (+5).
 N - the +2 leather armour "Lusyf" (worn) {rElec rPois Dex+3}
   (You bought it in a shop on level 3 of the Snake Pit)

   It affects your dexterity (+3).
   It insulates you from electricity.
   It protects you from poison.
 P - a +5 shield of reflection (worn)
 X - a scarf of resistance (worn)
Magical Staves
 U - an uncursed staff of power (weapon)
 Y - an uncursed staff of conjuration
Jewellery
 r - an amulet of magic regeneration (around neck)
 u - the ring of Tulaw (left hand) {MR+ MP+9 EV+3 Stlth+}
   (You found it on level 1 of the Vaults)

   [ring of evasion]

   It affects your evasion (+3).
   It affects your resistance to hostile enchantments.
   It affects your magic capacity (+9).
   It makes you more stealthy.
 M - a +5 ring of intelligence (right hand)
Wands
 q - a wand of paralysis (5)
 t - a wand of digging (7)
Scrolls
 c - 3 scrolls of immolation
 h - 29 scrolls of remove curse {@r2}
 i - 21 scrolls of teleportation
 o - 3 scrolls of summoning
 s - 5 scrolls of fear
 w - 2 scrolls of identify {@r1}
 x - 9 scrolls of fog
 B - 7 scrolls of magic mapping
 F - 2 scrolls of enchant armour
 L - 6 scrolls of removedness
 R - 5 scrolls of blinking
 S - 8 scrolls of amnesia
Potions
 b - 9 potions of flight
 g - 9 potions of heal wounds
 j - 5 potions of brilliance
 k - 8 potions of agility
 m - 3 potions of cancellation
 n - 4 potions of magic
 p - 25 potions of curing {@q1}
 C - 3 potions of haste
 E - 2 potions of ambrosia
 I - 3 potions of resistance
 K - 2 potions of invisibility
 Q - 4 potions of might
 W - 3 potions of mutation
Books
 v - a book of Power

   Spells                             Type                      Level
   a - Iskenderun's Battlesphere      Conjuration/Charms           5
   b - Venom Bolt                     Conjuration/Poison           5
   c - Bolt of Magma                  Conjuration/Fire/Earth       5
   d - Iron Shot                      Conjuration/Earth            6
   e - Orb of Destruction             Conjuration                  7
   f - Spellforged Servitor           Conjuration/Summoning        7
 D - a book of Fire

   Spells                             Type                      Level
   a - Ignite Poison                  Fire/Transmutation/Poison    3
   b - Fireball                       Conjuration/Fire             5
   c - Bolt of Fire                   Conjuration/Fire             6
   d - Ring of Flames                 Charms/Fire                  7
   e - Ignition                       Fire                         8
 T - a Necronomicon

   Spells                             Type                      Level
   a - Haunt                          Necromancy/Summoning         7
   b - Borgnjor's Revivification      Necromancy                   8
   c - Death's Door                   Charms/Necromancy            8
   d - Infestation                    Necromancy                   8
   e - Necromutation                  Transmutation/Necromancy     8
Miscellaneous
 y - a fan of gales
Comestibles
 d - 21 rations
 e - 10 rations
 f - a ration
 G - 10 chunks of flesh
 J - a ration


   Skills:
 - Level 8.0 Fighting
 - Level 13.4 Dodging
 - Level 8.0 Stealth
 - Level 15.0 Shields
 + Level 20.0 Spellcasting
 + Level 12.6 Conjurations
 - Level 9.2 Hexes
 - Level 18.9 Charms
 - Level 11.0 Summonings
 + Level 20.3 Necromancy
 - Level 20.0 Fire Magic
 - Level 10.9 Ice Magic
 - Level 6.0 Evocations


You had 6 spell levels left.
You knew the following spells:

 Your Spells              Type           Power        Failure   Level  Hunger
a - Bolt of Fire          Conj/Fire      ########..   1%          6    None
b - Haunt                 Necr/Summ      ########..   1%          7    None
c - Ozocubu's Armour      Chrm/Ice       ########     0%          3    None
d - Bolt of Draining      Conj/Necr      ########..   1%          5    None
e - Dispel Undead         Necr           ########     0%          5    None
f - Blink                 Tloc           N/A          1%          2    None
g - Regeneration          Chrm/Necr      ########..   0%          3    None
h - Simulacrum            Ice/Necr       ########..   1%          6    None
i - Cause Fear            Hex            #######...   1%          4    None
j - Ignition              Fire           ########..   1%          8    None
P - Death's Door          Chrm/Necr      ########..   1%          8    None


Dungeon Overview and Level Annotations

Branches:
Dungeon (15/15)            Temple (1/1) D:5            Lair (6/6) D:11
 Shoals (4/4) Lair:3        Snake (4/4) Lair:4        Slime (5/5) Lair:5
    Orc (2/2) D:9             Elf (3/3) Orc:2        Vaults (4/5) D:13
  Crypt (3/3) Vaults:3       Tomb (0/3) Crypt:3      Depths (3/5) D:15

Altars:
Ashenzari
Cheibriados
Dithmenos
Elyvilon
Fedhas
Gozag
Hepliaklqana
Kikubaaqudgha
Makhleb
Nemelex Xobeh
Okawaru
Qazlal
Ru
Sif Muna
Trog
Uskayaw
Vehumet
Wu Jian
Xom
Yredelemnul
Zin
The Shining One
Beogh
Jiyva

Shops:
D:5 [   D:11 !(   Orc:2 :(??:   Shoals:2 }   Snake:3 *[*   Vaults:1 ==
Vaults:2 *   Vaults:3 (   Vaults:4 ([

Portals:
Hell: Depths:1 Depths:2 Depths:3
Abyss: Depths:2
Pandemonium: Depths:2
Ziggurat: Depths:2

Annotations:
Elf:2 5 runed doors
Depths:1 exclusions: door and 4 lightning spires


Innate Abilities, Weirdness & Mutations

You have supernaturally acute eyesight. (SInv)
You are agile. (Dex +2)
You can translocate small distances at will.
You are resistant to hostile enchantments. (MR+)
You are weak. (Str -2)


Message History

a buckler; a robe; an enchanted quick blade; a spriggan corpse You butcher the spriggan corpse.
G - 9 chunks of flesh (gained 2)
Things that are here:
a buckler; a robe; an enchanted quick blade
Things that are here:
a buckler; a robe; an enchanted quick blade You now have 3028 gold pieces (gained 50).
G - 10 chunks of flesh (gained 1)
Things that are here:
an enchanted long sword; a scale mail; a runed buckler You see here a fire giant skeleton.
A spriggan berserker comes into view. It is wielding an antimagic rapier.
Things that are here:
20 bolts; an arbalest; a yaktaur skeleton Save game and exit?
Welcome back, kuniqs the Deep Elf Ice Elementalist.
Kikubaaqudgha says: Spread unending torment and darkness!
Welcome back, kuniqs the Deep Elf Ice Elementalist.
Kikubaaqudgha says: Spread unending torment and darkness!

###'# ..[# ##..i##†.#
##...(.)) #...8.=# $
#....)[# ... ##....##
..#..#############...##
......./....#..##)(###
########.)......@(...##
#.......[..÷.([....#
###.....[.[÷.....#...#
.[##...[##....∩...#....#
.......)<(.............#
...#....(..##........!.>
.......#########........
....#### ####... ....
.#.


You could see a spriggan berserker (wandering).

Vanquished Creatures
  the Royal Jelly (Slime:5)
  A greater mummy (Crypt:3)
  A golden dragon (shapeshifter) (Elf:3)
  the Enchantress (Depths:2)
  2 liches (Depths:1)
  14 acid blobs
  2 ancient champions
  4 sphinxes
  Kirke (D:12)
  2 revenants (Crypt:2)
  11 azure jellies
  2 tengu reavers
  5 fire giants
  7 vault wardens
  7 frost giants
  2 deep elf elementalists (Elf:3)
  A deep elf sorcerer (Vaults:2)
  An orc warlord (Vaults:4)
  A ghoul (Crypt:3)
  A reaper (Crypt:3)
  17 ironheart preservers
  5 very ugly things
  3 spriggan defenders (Depths:2)
  4 vampire knights
  7 stone giants
  3 spark wasps
  3 deep elf annihilators
  6 deep elf death magi
  A merfolk javelineer (Shoals:2)
  5 eidola
  8 ettins
  5 mummy priests (Crypt:3)
  2 yaktaur captains
  9 great orbs of eyes
  2 fire dragons
  8 jiangshi
  9 death oozes
  A merfolk impaler (Shoals:1)
  A quicksilver dragon skeleton (Crypt:1)
  12 ice dragons
  8 hydras
  2 vault guards (Vaults:3)
  5 spriggan air magi
  2 rakshasas
  7 naga warriors
  18 anacondas
  A merfolk aquamancer (Shoals:4)
  11 centaur warriors
  8 dancing weapons
  12 ogre magi
  45 two-headed ogres
  7 deep troll shamans
  A titan zombie (Crypt:3)
  A vampire mage (Crypt:3)
  2 death yaks (Shoals:2)
  3 deep troll earth magi
  8 naga sharpshooters
  4 tengu warriors
  12 hell knights
  5 shock serpents
  11 deep elf knights
  7 spriggan berserkers
  Sonja (D:11)
  3 soul eaters
  2 sea snakes
  2 iron trolls (Depths:2)
  3 unseen horrors
  An anaconda zombie (Crypt:3)
  23 deep trolls
  An unseen horror (shapeshifter) (Vaults:3)
  7 deep elf archers
  4 flayed ghosts
  A salamander mystic (Snake:4)
  A deep troll (shapeshifter) (Depths:3)
  6 naga ritualists
  18 skeletal warriors
  A glowing orange brain (Vaults:2)
  4 wizards
  2 harpies (shapeshifter)
  26 harpies
  Pikel (D:4)
  10 ironbrand convokers
  12 necromancers
  An orb spider (shapeshifter) (Depths:1)
  9 orc knights
  25 ugly things
  8 phantasmal warriors
  2 wolf spider zombies
  An anaconda skeleton (Crypt:3)
  3 orc sorcerers (Orc:2)
  33 deep elf magi
  3 fauns
  A fire giant zombie (Crypt:3)
  9 mana vipers
  A manticore (shapeshifter) (D:15)
  An oklob plant (Lair:6)
  10 manticores
  2 stone giant zombies (Crypt:3)
  6 salamanders
  4 wolf spiders
  5 cyclopes
  6 elephants (Lair:5)
  2 merfolk sirens
  2 centaur zombies (D:12)
  2 fire giant skeletons
  6 guardian serpents (Snake:4)
  36 black mambas
  An ice statue (D:14)
  2 frost giant skeletons
  5 water nymphs
  9 naga magi
  An eye of devastation (Slime:4)
  A dire elephant zombie (Crypt:2)
  17 vault sentinels
  23 spiny frogs
  4 torpor snails (Lair:4)
  10 rime drakes
  A spiny frog (shapeshifter) (Vaults:2)
  A rime drake (shapeshifter) (Vaults:1)
  A komodo dragon (shapeshifter) (Vaults:1)
  2 kobold demonologists (D:12)
  33 yaktaurs
  A white draconian zombie (Crypt:1)
  4 freezing wraiths (Vaults:4)
  A death yak zombie (Crypt:1)
  A tengu conjurer (Depths:1)
  11 komodo dragons
  A human skeleton (Vaults:4)
  A meliai (shapeshifter) (Vaults:3)
  3 trolls
  A harpy zombie (Crypt:1)
  A troll (shapeshifter) (Vaults:3)
  A queen ant zombie (Crypt:2)
  33 guardian mummies (Crypt:3)
  10 merfolk
  A tyrant leech (Lair:6)
  2 hornets (shapeshifter)
  A merfolk (shapeshifter) (Vaults:1)
  2 ice dragon zombies
  A minotaur skeleton (Crypt:2)
  6 hornets
  A moth of wrath zombie (Crypt:2)
  17 blink frogs
  30 slime creatures
  7 snapping turtles
  A raiju (shapeshifter) (Vaults:2)
  2 frost giant simulacra
  An ettin zombie (Vaults:4)
  8 bog bodies (Crypt:3)
  A dream sheep (Shoals:3)
  A guardian serpent zombie (Crypt:2)
  9 hippogriffs
  12 air elementals
  2 fire dragon zombies (Crypt:2)
  8 flying skulls
  An ice dragon skeleton (Crypt:1)
  5 spriggans (Depths:2)
  5 wraiths
  2 wyverns
  An alligator skeleton (Crypt:3)
  A black mamba zombie (Crypt:1)
  11 water elementals
  18 yaks
  9 ushabtiu (Crypt:3)
  A basilisk (Shoals:1)
  5 hungry ghosts
  6 hogs
  7 steam dragons (Lair:2)
  5 vampire mosquitoes
  A basilisk (shapeshifter) (Vaults:2)
  A yaktaur simulacrum (Vaults:2)
  2 large abominations (Elf:1)
  8 wargs
  33 nagas
  A merfolk zombie (Crypt:2)
  A soldier ant (shapeshifter) (Vaults:1)
  5 porcupines
  11 water moccasins
  A black bear (D:13)
  5 sky beasts
  A black bear (shapeshifter) (Vaults:3)
  A spiny frog skeleton (Crypt:1)
  29 orc warriors
  A swamp drake (shapeshifter) (Vaults:2)
  2 phantoms
  6 eyes of draining
  31 ogres
  11 boggarts
  9 centaurs
  A necrophage (D:12)
  8 wolves
  9 crocodiles
  3 big kobolds
  5 elf zombies
  A human zombie (Vaults:2)
  22 bullfrogs
  2 earth elementals
  A glowing shapeshifter simulacrum (Vaults:4)
  A hippogriff skeleton (Crypt:1)
  A yak zombie (Crypt:1)
  7 scorpions
  A human simulacrum (Vaults:2)
  A troll zombie (Crypt:2)
  A warg skeleton (Crypt:2)
  A spriggan zombie (Crypt:2)
  7 wights
  3 howler monkeys
  A troll skeleton (Crypt:3)
  2 electric eels (D:11)
  8 crimson imps
  3 jellies
  A bullfrog zombie (Crypt:1)
  5 hounds
  A bullfrog skeleton (D:10)
  17 orc priests
  20 orc wizards
  3 iguanas
  12 worker ants
  An ogre skeleton (Crypt:2)
  2 hound skeletons (D:4)
  5 mummies (Crypt:3)
  A worker ant zombie (D:6)
  Robin (D:3)
  11 adders
  5 gnolls
  A howler monkey skeleton (D:4)
  An ooze (D:2)
  An adder zombie (Crypt:2)
  A lava snake zombie (Crypt:1)
  An adder skeleton (D:9)
  2 halfling skeletons (Crypt:3)
  5 worms
  4 dart slugs
  6 leopard geckos
  48 orcs
  8 giant cockroaches
  19 goblins
  3 hobgoblins
  11 jackals
  2 quokkas
  2 ball pythons
  11 bats
  5 frilled lizards
  A giant cockroach zombie (Crypt:1)
  A jackal skeleton (D:5)
  A jackal zombie (Ossuary)
  23 kobolds
  2 kobold zombies (Ossuary)
  A leopard gecko skeleton (D:5)
  3 orc zombies (Ossuary)
  2 quokka skeletons
  9 rats
  A rat zombie (Crypt:3)
  3 crawling corpses (Elf:3)
  A fungus (Elf:1)
  A tentacle (Shoals:1)
1549 creatures vanquished.

Vanquished Creatures (collateral kills)
  Mara (Vaults:4)
  Sojobo (Depths:1)
  Margery (Vaults:4)
  Nikola (Elf:1)
  Jorgrun (Elf:2)
  3 deep elf blademasters (Elf:3)
  7 acid blobs (Slime:5)
  Polyphemus (Shoals:2)
  A deep elf master archer (Elf:3)
  4 tengu reavers
  Ilsuiw (Shoals:4)
  5 nagarajas (Snake:4)
  Roxanne (Elf:3)
  3 fire giants
  A vault warden (Vaults:3)
  A frost giant (Depths:2)
  13 deep elf sorcerers
  Aizul (Snake:2)
  5 deep elf elementalists (Elf:3)
  An ironheart preserver (Vaults:3)
  A stone giant (Depths:3)
  4 very ugly things (Vaults:4)
  A spriggan defender (Depths:3)
  6 deep elf demonologists
  6 deep elf annihilators (Elf:3)
  A minotaur (Lab)
  2 crystal guardians
  4 merfolk javelineers (Shoals:4)
  8 deep elf death magi
  A fire dragon (Depths:3)
  Snorg (Lair:6)
  7 merfolk impalers
  A great orb of eyes (Slime:5)
  4 yaktaur captains
  Josephine (Lair:6)
  6 deep elf high priests (Elf:3)
  A spriggan air mage (Depths:3)
  An alligator snapping turtle (Shoals:2)
  A hydra (Lair:6)
  2 catoblepae
  6 merfolk avatars
  4 ogre magi (Orc:2)
  9 anacondas
  4 merfolk aquamancers
  14 naga warriors
  A centaur warrior (Vaults:2)
  2 satyrs (Shoals:4)
  A death yak (Shoals:2)
  A tengu warrior (Depths:1)
  8 dancing weapons
  10 two-headed ogres
  9 naga sharpshooters
  4 hell knights
  A spriggan berserker (Depths:3)
  A shock serpent (Snake:2)
  A small abomination (Elf:3)
  Nergalle (Orc:2)
  6 salamander mystics
  4 skeletal warriors (D:14)
  6 deep elf knights
  2 flayed ghosts
  2 wizards
  5 sea snakes
  7 naga ritualists
  An orange crystal statue (Vaults:3)
  3 orc knights
  11 deep elf archers
  A phantasmal warrior (Vaults:4)
  4 necromancers (Elf:1)
  4 lindwurms (Snake:4)
  9 harpies
  10 mana vipers
  11 ugly things
  5 orc sorcerers (Orc:2)
  2 fauns (Shoals:2)
  3 manticores
  5 oklob plants
  4 cyclopes
  4 shining eyes
  A stone giant skeleton (Vaults:1)
  21 deep elf magi
  11 black mambas
  2 vault sentinels
  3 salamanders
  6 merfolk sirens
  A rust devil (Depths:1)
  4 guardian serpents
  20 naga magi
  Joseph (D:10)
  10 spiny frogs
  4 rime drakes
  6 komodo dragons
  A freezing wraith (Vaults:3)
  4 yaktaurs (Vaults:4)
  A human skeleton (Vaults:1)
  2 trolls (D:11)
  19 merfolk
  4 wind drakes
  A slime creature (shapeshifter) (Vaults:4)
  A polar bear (Lair:6)
  15 blink frogs
  11 dream sheep
  4 tyrant leeches (Lair:6)
  Grinder (D:4)
  A hippogriff (Shoals:4)
  10 slime creatures
  8 snapping turtles
  6 water elementals
  3 air elementals
  4 wraiths
  21 yaks
  A hungry ghost (Lab)
  4 basilisks
  2 steam dragons
  8 vampire mosquitoes
  A yaktaur simulacrum (Vaults:1)
  23 nagas
  2 wargs
  An acid dragon (Lair:2)
  Duvessa (D:4)
  5 water moccasins
  A sky beast (Depths:1)
  A slave (D:4)
  A porcupine (Lair:2)
  2 eyes of draining
  11 orc warriors
  2 phantoms
  A black bear (D:8)
  3 wolves (D:11)
  13 ogres
  14 centaurs
  2 crocodiles
  8 bullfrogs
  2 elf zombies (Elf:1)
  4 earth elementals
  Dowan (D:4)
  A scorpion (D:13)
  5 killer bees (D:9)
  3 wights (D:11)
  6 howler monkeys
  A crimson imp (D:5)
  3 centaur zombies
  4 quasits
  A hound (shapeshifter) (Depths:1)
  A hound (D:11)
  27 orc wizards
  10 orc priests
  2 centaur skeletons
  A gnoll shaman (D:5)
  An iguana (D:11)
  Natasha (twice) (D:4)
  A killer bee zombie (D:9)
  A big kobold zombie (Ossuary)
  A hound skeleton (D:9)
  2 mummies (Ossuary)
  15 gnolls
  2 adders
  2 shadow imps
  An adder zombie (Ossuary)
  42 orcs
  2 jackals (D:4)
  7 bats (Orc:1)
  A goblin zombie (Ossuary)
  8 hobgoblin zombies (Ossuary)
  6 kobold zombies (Ossuary)
  5 orc zombies (Ossuary)
  5 rat zombies (Ossuary)
  3 bushes (Shoals:4)
  3 fungi
  22 plants
816 creatures vanquished.

Vanquished Creatures (others)
  A deep elf elementalist (Elf:3)
  2 stone giants
  A yaktaur captain (Vaults:2)
  2 tengu warriors
  A deep elf knight (Elf:1)
  4 yaktaurs
  A human (D:12)
  A slave (D:4)
  An ogre (Vaults:4)
  An orc priest (D:12)
  Natasha (D:4)
  A ball lightning (Depths:1)
  An orc (D:12)
  A quokka (D:4)
  2 frilled lizards
  A quokka skeleton (D:4)
  A bush (Lair:6)
  32 fungi
  70 plants
  15 tentacles (Shoals:1)
  A withered plant (Shoals:1)
141 creatures vanquished.

Grand Total: 2506 creatures vanquished

Notes
Turn   | Place    | Note
-------+----------+-------------------------------------------
     0 | D:1      | kuniqs the Deep Elf Ice Elementalist began the quest for the Orb.
     0 | D:1      | Reached XP level 1. HP: 10/10 MP: 6/6
   312 | D:1      | Reached XP level 2. HP: 15/15 MP: 6/8
   318 | D:1      | Learned a level 2 spell: Throw Frost
  1209 | D:2      | Reached XP level 3. HP: 19/19 MP: 5/10
  1215 | D:2      | Learned a level 3 spell: Ozocubu's Armour
  1654 | D:2      | Reached XP level 4. HP: 24/24 MP: 2/12
  1667 | D:1      | Learned a level 4 spell: Summon Ice Beast
  1728 | D:2      | Found an opulent altar of Gozag.
  1728 | D:2      | Found a bloodstained altar of Trog.
  1728 | D:2      | Found a glowing silver altar of Zin.
  1946 | D:3      | Reached skill level 5 in Spellcasting
  1999 | D:3      | Reached skill level 1 in Summonings
  2039 | D:3      | Noticed Robin
  2054 | D:3      | Killed Robin
  2054 | D:3      | Reached XP level 5. HP: 28/28 MP: 0/14
  2744 | D:3      | Noticed an ogre
  2749 | D:3      | Killed an ogre
  2749 | D:3      | Reached skill level 5 in Ice Magic
  3057 | D:3      | Reached XP level 6. HP: 32/32 MP: 5/15
  3400 | D:3      | Found a shadowy altar of Dithmenos.
  4269 | D:4      | Noticed Pikel
  4269 | D:4      | Noticed a slave
  4269 | D:4      | Noticed a slave
  4287 | D:4      | Noticed a slave
  4287 | D:4      | Killed a slave
  4292 | D:4      | Noticed a slave
  4294 | D:4      | Killed Pikel
  4294 | D:4      | Reached skill level 5 in Summonings
  4294 | D:4      | Reached XP level 7. HP: 36/36 MP: 2/16
  4391 | D:4      | Noticed Grinder
  4409 | D:4      | Killed Grinder
  4487 | D:4      | Got an ancient rapier
  4488 | D:4      | Identified the cursed +3 rapier "Cedikor" {pierce, rElec rF++} (You found it on level 4 of the Dungeon)
  4545 | D:4      | Noticed Natasha
  4549 | D:4      | Killed Natasha
  4605 | D:4      | Killed Natasha
  4610 | D:4      | Noticed Natasha
  4619 | D:4      | Killed Natasha
  4684 | D:4      | Learned a level 4 spell: Throw Icicle
  4691 | D:4      | Learned a level 2 spell: Blink
  4821 | D:4      | Reached skill level 1 in Charms
  4906 | D:4      | Noticed Dowan
  4915 | D:4      | Noticed Duvessa
  4919 | D:4      | Killed Duvessa
  4920 | D:4      | Killed Dowan
  5470 | D:5      | Entered Level 5 of the Dungeon
  5597 | D:5      | Found a shimmering altar of Xom.
  5640 | D:5      | Reached XP level 8. HP: 15/41 MP: 1/19
  5942 | D:5      | Found a staircase to the Ecumenical Temple.
  5964 | Temple   | Entered the Ecumenical Temple
  6040 | Temple   | Became a worshipper of Kikubaaqudgha
  6258 | D:5      | Found a hazy altar of Hepliaklqana.
  6258 | D:5      | Found a faded altar of an unknown god.
  6263 | D:5      | Found a faded altar of an unknown god.
  6265 | D:5      | Found a glowing golden altar of the Shining One.
  6267 | D:5      | Found a stormy altar of Qazlal.
  6340 | D:5      | Reached skill level 1 in Necromancy
  6403 | D:5      | Found Hochoph's Antique Armour Emporium.
  6414 | D:5      | Bought a silken robe for 176 gold pieces
  6425 | D:5      | Identified the cursed +1 robe of Paptogg {*Slow Regen+ Stlth+} (You bought it in a shop on level 5 of the Dungeon)
  6691 | D:6      | Found a sand-covered staircase.
  6703 | Ossuary  | Entered an ossuary
  6808 | Ossuary  | Reached * piety under Kikubaaqudgha
  6808 | Ossuary  | Identified Kikubaaqudgha's Guide on Dark Arts (Kikubaaqudgha gifted it to you in an ossuary)
  6808 | Ossuary  | Received a gift from Kikubaaqudgha
  6816 | Ossuary  | Learned a level 3 spell: Regeneration
  7164 | Ossuary  | Reached ** piety under Kikubaaqudgha
  8014 | D:6      | Reached skill level 5 in Charms
  8553 | D:7      | Reached XP level 9. HP: 45/45 MP: 18/21
  8788 | D:7      | Reached skill level 5 in Conjurations
  9009 | D:7      | Reached *** piety under Kikubaaqudgha
  9009 | D:7      | Identified Kikubaaqudgha's Disquisition on Necromancy (Kikubaaqudgha gifted it to you on level 7 of the Dungeon)
  9009 | D:7      | Received a gift from Kikubaaqudgha
  9931 | D:8      | Reached skill level 5 in Necromancy
 10878 | D:9      | Found a staircase to the Orcish Mines.
 10902 | D:9      | Found a shattered altar of Ashenzari.
 10902 | D:9      | Found a sacrificial altar of Ru.
 10903 | D:9      | Found a blossoming altar of Fedhas.
 10996 | D:9      | Found a deep blue altar of Sif Muna.
 11042 | D:9      | Reached **** piety under Kikubaaqudgha
 11123 | D:9      | Reached XP level 10. HP: 50/50 MP: 6/25
 11439 | D:9      | Noticed a two-headed ogre
 11454 | D:9      | Killed a two-headed ogre
 11558 | D:9      | Found a hide-covered altar of Uskayaw.
 12091 | D:9      | Learned a level 6 spell: Simulacrum
 12099 | D:9      | Noticed a two-headed ogre
 12105 | D:9      | Killed a two-headed ogre
 12105 | D:9      | Reached skill level 10 in Spellcasting
 12191 | D:9      | Noticed a two-headed ogre
 12202 | D:9      | Killed a two-headed ogre
 12712 | D:10     | Entered Level 10 of the Dungeon
 12845 | D:10     | Noticed Joseph
 12862 | D:10     | Killed Joseph
 13474 | D:11     | Found Ryenorobu's Distillery.
 13477 | D:11     | Noticed Sonja
 13557 | D:11     | Bought a potion of haste for 150 gold pieces
 13557 | D:11     | Bought a potion of resistance for 150 gold pieces
 13557 | D:11     | Bought a potion of invisibility for 120 gold pieces
 13576 | D:11     | Found Yhuseplyunu's Antique Weapon Shop.
 13611 | D:11     | Noticed a manticore
 14120 | D:11     | Noticed a cyclops
 14142 | D:11     | Killed Sonja
 14159 | D:11     | Paralysed by a hornet for 2 turns
 14415 | D:11     | Killed a manticore
 14520 | D:11     | Noticed a purple ugly thing
 14525 | D:11     | Noticed a two-headed ogre
 14525 | D:11     | Killed a purple ugly thing
 14525 | D:11     | Reached XP level 11. HP: 49/54 MP: 16/28
 14530 | D:11     | Killed a two-headed ogre
 15015 | D:11     | Reached ***** piety under Kikubaaqudgha
 15491 | D:11     | Found a staircase to the Lair.
 16203 | D:11     | Killed an unseen horror
 16203 | D:11     | Reached skill level 10 in Ice Magic
 16293 | D:12     | Noticed a cyan ugly thing
 16313 | Lair:1   | Entered Level 1 of the Lair of Beasts
 16383 | Lair:1   | Found a burning altar of Makhleb.
 16716 | Lair:1   | Reached skill level 10 in Necromancy
 18526 | Lair:2   | Reached XP level 12. HP: 59/59 MP: 3/31
 19199 | Lair:2   | Noticed a seven-headed hydra
 19202 | Lair:2   | Killed a seven-headed hydra
 19843 | Lair:2   | Reached skill level 5 in Dodging
 19854 | Lair:2   | Reached skill level 5 in Stealth
 19995 | Lair:2   | Got a smoking helmet
 20006 | Lair:2   | Identified the +4 helmet of Tenuz {Int+5} (You found it on level 2 of the Lair of Beasts)
 20370 | Lair:3   | Found a staircase to the Shoals.
 21127 | Lair:3   | Identified the +7 demon whip of Power {pain, MR+++ Str-3 Int-4 Dex+3} (You found it on level 3 of the Lair of Beasts)
 21834 | Lair:4   | Reached skill level 1 in Fighting
 21901 | Lair:4   | Noticed an eight-headed hydra
 21907 | Lair:4   | Killed an eight-headed hydra
 21907 | Lair:4   | Reached XP level 13. HP: 65/65 MP: 32/32
 22495 | Lair:4   | Found a snail-covered altar of Cheibriados.
 22706 | Lair:4   | Reached skill level 1 in Evocations
 23166 | Lair:4   | Found a staircase to the Snake Pit.
 23812 | Lair:5   | Found a staircase to the Slime Pits.
 23881 | Lair:5   | Found a shattered altar of Ashenzari.
 24464 | Lair:6   | Entered Level 6 of the Lair of Beasts
 24634 | Lair:6   | Noticed Snorg
 24660 | Lair:6   | Killed Snorg
 24815 | Lair:6   | Noticed Josephine
 24822 | Lair:6   | Killed Josephine
 24822 | Lair:6   | Reached skill level 10 in Dodging
 24822 | Lair:6   | Reached skill level 5 in Evocations
 24904 | Lair:6   | Reached skill level 5 in Fighting
 25046 | Lair:6   | Reached ****** piety under Kikubaaqudgha
 25302 | Lair:5   | Received a gift from Kikubaaqudgha
 25312 | Lair:5   | Learned a level 7 spell: Haunt
 25461 | Lair:6   | Reached XP level 14. HP: 78/78 MP: 33/33
 26060 | Lair:6   | Reached XP level 15. HP: 86/86 MP: 34/34
 26481 | Lair:6   | Reached skill level 1 in Shields
 27278 | Orc:1    | Entered Level 1 of the Orcish Mines
 27583 | Orc:2    | Entered Level 2 of the Orcish Mines
 27880 | Orc:2    | Found a roughly hewn altar of Beogh.
 28223 | Orc:1    | Found a roughly hewn altar of Beogh.
 28432 | Orc:1    | Reached skill level 5 in Shields
 28961 | Orc:2    | Found Ihanidde's Antique Weapon Emporium.
 28991 | Orc:2    | Found a radiant altar of Vehumet.
 29137 | Orc:2    | Noticed Nergalle
 29165 | Orc:2    | Killed Nergalle
 29191 | Orc:2    | Found Poyhehos's Book Emporium.
 29191 | Orc:2    | Found Tuch's Magic Scroll Shoppe.
 29193 | Orc:2    | Found a roughly hewn altar of Beogh.
 29203 | Orc:2    | Found Deafao's Magic Scroll Emporium.
 29227 | Orc:2    | Bought a book of Debilitation for 560 gold pieces
 29232 | Orc:2    | Learned a level 4 spell: Cause Fear
 29343 | Orc:2    | Found a staircase to the Elven Halls.
 29383 | Orc:2    | Found Leakli's Book Shop.
 29566 | Orc:2    | Reached skill level 1 in Hexes
 29582 | Orc:2    | Found an ancient bone altar of Kikubaaqudgha.
 30446 | D:12     | You fall through a shaft for 3 floors!
 30446 | D:15     | Entered Level 15 of the Dungeon
 30514 | D:14     | Found a labyrinth entrance.
 30523 | Lab      | Entered a labyrinth
 31054 | D:12     | Noticed Kirke
 31247 | D:12     | Reached skill level 5 in Hexes
 31278 | D:12     | Killed Kirke
 32819 | D:13     | Reached XP level 16. HP: 93/93 MP: 35/35
 33176 | D:13     | Found a gate to the Vaults.
 34323 | D:14     | Reached skill level 10 in Shields
 34893 | D:14     | Found a shimmering altar of Xom.
 34942 | D:15     | Found a basalt altar of Yredelemnul.
 35891 | D:15     | Found a staircase to the Depths.
 36682 | Snake:1  | Entered Level 1 of the Snake Pit
 38199 | Snake:2  | Reached skill level 10 in Summonings
 39092 | Snake:2  | Noticed Aizul
 39095 | Snake:2  | Killed Aizul
 40095 | Snake:2  | Reached XP level 17. HP: 97/97 MP: 36/36
 40603 | Snake:3  | Found Zudaong's Assorted Antiques.
 40608 | Snake:3  | Found Fefradoe's Antique Armour Emporium.
 40753 | Snake:3  | Found Justuxec's General Store.
 40759 | Snake:3  | Bought a transparent leather armour for 273 gold pieces
 40759 | Snake:3  | Identified the +2 leather armour "Lusyf" {rElec rPois Dex+3} (You bought it in a shop on level 3 of the Snake Pit)
 41223 | Snake:3  | Reached skill level 15 in Necromancy
 42027 | Snake:4  | Entered Level 4 of the Snake Pit
 44797 | Shoals:1 | Entered Level 1 of the Shoals
 45291 | Shoals:1 | Noticed a kraken
 46912 | Shoals:2 | Reached XP level 18. HP: 103/103 MP: 38/38
 46944 | Shoals:2 | Noticed Polyphemus
 46950 | Shoals:2 | Killed Polyphemus
 46955 | Shoals:2 | Found Immusos's Gadget Shop.
 47568 | Shoals:3 | Identified a scroll of acquirement
 48400 | Shoals:4 | Entered Level 4 of the Shoals
 48878 | Shoals:4 | Noticed Ilsuiw
 48947 | Shoals:4 | Killed Ilsuiw
 49439 | Shoals:4 | Got a barnacled rune of Zot
 49621 | Shoals:4 | Reached skill level 15 in Shields
 50417 | Shoals:4 | Learned a level 6 spell: Bolt of Fire
 50838 | Elf:1    | Entered Level 1 of the Elven Halls
 50876 | Orc:2    | Bought a smoking quick blade for 580 gold pieces
 50876 | Orc:2    | Identified the +9 quick blade "Canaesh" {protect, Fragile Str+4} (You bought it in a shop on level 2 of the Orcish Mines)
 50908 | Orc:2    | Bought a scroll of acquirement for 728 gold pieces
 50913 | Orc:2    | Identified the +3 buckler "Byneeru" {rF- rCorr Dex+7} (You acquired it on level 2 of the Orcish Mines)
 50974 | Elf:1    | Reached skill level 1 in Fire Magic
 51028 | Elf:1    | Found a radiant altar of Vehumet.
 51302 | Elf:1    | Noticed Nikola
 51575 | Elf:1    | Killed Nikola
 52243 | Elf:1    | Identified the Incunabulum of Analysis
 52901 | Elf:2    | Reached skill level 15 in Spellcasting
 53432 | Elf:2    | Gained mutation: You have supernaturally acute eyesight. (SInv) [potion of mutation]
 53432 | Elf:2    | Gained mutation: You can translocate small distances at will. [potion of mutation]
 53432 | Elf:2    | Gained mutation: You are weak. (Str -2) [potion of mutation]
 53432 | Elf:2    | Gained mutation: You are resistant to hostile enchantments. (MR+) [potion of mutation]
 53520 | Elf:2    | Noticed Jorgrun
 53525 | Elf:2    | Killed Jorgrun
 53592 | Elf:2    | Found a huge runed gate.
 53592 | Elf:2    | Found a huge runed gate.
 53593 | Elf:2    | Found a huge runed gate.
 53597 | Elf:2    | Found a huge runed gate.
 53600 | Elf:2    | Found a huge runed gate.
 53826 | Elf:2    | Learned a level 8 spell: Ignition
 53929 | Elf:3    | Entered Level 3 of the Elven Halls
 54003 | Elf:3    | Reached skill level 5 in Fire Magic
 54308 | Elf:3    | Noticed Roxanne
 54320 | Elf:3    | Killed Roxanne
 54388 | Elf:3    | Identified Roxanne's Grimoire of Transmigration (You took it off Roxanne on level 3 of the Elven Halls)
 55000 | Elf:3    | Reached XP level 19. HP: 107/107 MP: 40/40
 55629 | Elf:3    | Noticed a Tzitzimitl
 55721 | Elf:3    | Got a scorched iron amulet
 55722 | Elf:3    | Identified the amulet "Itwit" {Gourm rElec rF+ MP-9 Str+5} (You took it off a deep elf sorcerer on level 3 of the Elven Halls)
 56442 | Elf:3    | Noticed a golden dragon
 56442 | Elf:3    | a stone giant changed into a golden dragon
 56445 | Elf:3    | Killed a golden dragon
 56650 | Elf:3    | Got an agate-encrusted troll leather armour
 56943 | Elf:3    | Got a glittering ruby amulet
 56967 | Elf:3    | Identified the +8 troll leather armour of the Prince {rC- MR+ Regen+ Int+6} (You took it off a deep elf high priest on level 3 of the Elven Halls)
 57230 | Elf:3    | Got a heavily jewelled robe
 57253 | Elf:3    | Got a heavily runed shield
 57435 | Elf:3    | Learned a level 5 spell: Bolt of Draining
 57485 | Elf:3    | Got a brightly glowing dagger
 57714 | Orc:2    | Bought a scroll of amnesia for 49 gold pieces
 57714 | Orc:2    | Bought a scroll of enchant armour for 105 gold pieces
 57714 | Orc:2    | Bought a scroll of identify for 28 gold pieces
 57714 | Orc:2    | Bought a scroll of identify for 28 gold pieces
 57716 | Orc:2    | Identified the cursed +0 dagger "Conservator" {pierce, rF- MP+9 Dex+3 SInv} (You found it on level 3 of the Elven Halls)
 57723 | Orc:2    | Identified the cursed +0 robe "Hanez" {-Cast rPois Str+4 Slay+5} (You took it off a deep elf high priest on level 3 of the Elven Halls)
 57732 | Orc:2    | Bought a scroll of magic mapping for 49 gold pieces
 57732 | Orc:2    | Bought a scroll of enchant armour for 105 gold pieces
 57732 | Orc:2    | Bought a scroll of enchant armour for 105 gold pieces
 57732 | Orc:2    | Bought a scroll of identify for 28 gold pieces
 57732 | Orc:2    | Identified the cursed +0 shield "Befaor" {Stlth+} (You took it off a deep elf sorcerer on level 3 of the Elven Halls)
 57738 | Orc:2    | Identified the amulet of Feubb {+Rage rElec Str-2 Int+2} (You took it off a deep elf mage on level 3 of the Elven Halls)
 58000 | D:11     | Bought a bone short sword for 296 gold pieces
 58000 | D:11     | Identified the +5 short sword "Doaliloe" {antimagic, +Blink rF- SInv} (You bought it in a shop on level 11 of the Dungeon)
 58064 | Vaults:1 | Entered Level 1 of the Vaults
 58069 | Vaults:1 | Found Foparrug's Jewellery Shoppe.
 58459 | Vaults:1 | Got a bound wooden ring
 59087 | Vaults:1 | Found Godutak's Jewellery Shoppe.
 59159 | Vaults:1 | You fall through a shaft!
 59161 | Vaults:2 | Identified the ring of Tulaw {MR+ MP+9 EV+3 Stlth+} (You found it on level 1 of the Vaults)
 59361 | Vaults:2 | Found Asuder's General Store.
 60263 | Vaults:1 | You fall through a shaft!
 60600 | Vaults:2 | Learned a level 8 spell: Death's Door
 60630 | Vaults:2 | Reached XP level 20. HP: 112/112 MP: 34/43
 60764 | Vaults:2 | Reached skill level 10 in Fire Magic
 62701 | Vaults:3 | Found Ysupn's Weapon Shoppe.
 63424 | Vaults:3 | Reached skill level 10 in Conjurations
 63646 | Vaults:3 | Found a staircase to the Crypt.
 63646 | Vaults:3 | Found a basalt altar of Yredelemnul.
 63647 | Vaults:3 | Found an ancient bone altar of Kikubaaqudgha.
 64248 | Vaults:4 | Noticed Mara
 64278 | Vaults:4 | Noticed kuniqs's illusion
 64453 | Vaults:4 | Reached XP level 21. HP: 117/117 MP: 35/45
 64929 | Vaults:4 | Found Qytox's Antique Armour Emporium.
 64935 | Vaults:4 | Bought a spiked leather armour for 238 gold pieces
 64935 | Vaults:4 | Identified the cursed +1 leather armour of Patterns {rN+} (You bought it in a shop on level 4 of the Vaults)
 65717 | Vaults:4 | Killed Mara
 65922 | Vaults:4 | Found Koaxu Kett's Weapon Emporium.
 66650 | Vaults:4 | Noticed Margery
 66667 | Vaults:4 | Killed Margery
 67754 | Snake:4  | Got a serpentine rune of Zot
 68024 | Slime:1  | Entered Level 1 of the Pits of Slime
 68252 | Slime:2  | Found a viscous altar of Jiyva.
 68432 | Slime:5  | Entered Level 5 of the Pits of Slime
 68456 | Slime:5  | Reached skill level 15 in Fire Magic
 68500 | Slime:5  | Found a viscous altar of Jiyva.
 68502 | Slime:5  | Noticed the Royal Jelly
 68506 | Slime:5  | Killed the Royal Jelly
 68506 | Slime:5  | Reached XP level 22. HP: 122/122 MP: 33/47
 68572 | Slime:5  | Gained mutation: You are agile. (Dex +2) [a shining eye]
 68854 | Slime:5  | Identified the Grimoire of Mutagenic Poison
 68921 | Slime:5  | Got a slimy rune of Zot
 68934 | Slime:5  | Identified the +9 war axe of Zuitehuo {venom, SInv} (You found it on level 5 of the Pits of Slime)
 68955 | Slime:5  | Identified the Reference Book on the Earthen Birds
 69421 | Orc:2    | Learned a level 5 spell: Dispel Undead
 69826 | Crypt:1  | Entered Level 1 of the Crypt
 72151 | Crypt:3  | Entered Level 3 of the Crypt
 73043 | Crypt:3  | Got a faintly glowing spear {drain}
 73254 | Crypt:3  | Noticed a greater mummy
 73266 | Crypt:3  | Killed a greater mummy
 73415 | Crypt:3  | Identified the Reference Book on Evil Magic
 73880 | Crypt:3  | Found a staircase to the Tomb.
 73882 | Crypt:3  | Reached XP level 23. HP: 127/127 MP: 48/48
 74349 | Vaults:2 | Reached skill level 10 in Charms
 74499 | Depths:1 | Entered Level 1 of the Depths
 74530 | Depths:1 | Noticed Sojobo
 74627 | Depths:1 | Killed Sojobo
 74830 | Depths:1 | Identified the +9 spear "Tirec" {drain, rC++ rN+ Int+4} (You took it off a guardian mummy on level 3 of the Crypt)
 75892 | Depths:1 | Found a gateway to Hell.
 76116 | Depths:2 | Noticed the Enchantress
 76117 | Depths:2 | Reached skill level 15 in Charms
 76118 | Depths:2 | Killed the Enchantress
 76227 | Depths:2 | Found a gateway to a ziggurat.
 77153 | Depths:2 | Identified the +1 faerie dragon scales {rCorr Int+3} (You took it off the Enchantress on level 2 of the Depths)
 77544 | Depths:2 | Found a one-way gate to the infinite horrors of the Abyss.
 77658 | Depths:2 | Found a snail-covered altar of Cheibriados.
 77707 | Depths:2 | Found a one-way gate leading to the halls of Pandemonium.
 77970 | Depths:3 | Reached XP level 24. HP: 93/132 MP: 40/48
 78210 | Depths:3 | Upgraded the game from 0.21-a0-142-gdd972a7 to 0.22-a0-113-gdd6f4a9
 78210 | Depths:3 | Quit the game

Vault maps used:
D:1:      minmay_arrival_wavy_path
D:2:      minmay_wonky_spiral, nicolae_overflow_hidden_temple,
          minmay_misc_feat_tiny
D:3:      nicolae_dithmenos_through_a_glass_darkly, uniq_robin
D:4:      uniq_duvessa, uniq_pikel, uniq_grinder, uniq_natasha
D:5:      chequers_temple_overflow_minitemple, xom_confusion_cloud,
          temple_green, serial_shops, shop, first_bread,
          minmay_tree_intersection
D:6:      lightli_ossuary_entry_decrepit_ruins
D:7:      grunt_ogre_cave
D:8:      nicolae_whirlpool
D:9:      eat_drink_and_be_merry_uskayaw, gammafunk_temple_overflow_forgotten,
          led_sif_pool, orc_0_dummy
D:10:     uniq_joseph
D:11:     erik_lair_island, serial_shops, shop, nicolae_shop_statue_plus,
          uniq_sonja
D:12:     uniq_kirke
D:13:     erik_vaults_1, item_on_display_a
D:14:     lab_entry_generic, basic_altar, minivault_16,
          minmay_misc_feat_four_crosses
D:15:     hangedman_depths_entry_try_elsewhere_first, amethyst_killhole,
          basic_altar
Temple:   nicolae_temple_figure_zero
Lair:1:   lemuel_centaur_altar, infiniplex_staircase_pool_2
Lair:2:   bobbens_dragon_lair_wall, serial_bayou_shore_b
Lair:3:   elwin_shoals_entry_stream, beast_lair_carwin_7,
          minmay_lair_oklob_chamber
Lair:4:   minmay_snake_entry_guardpost_small, kennysheep_snail_temple
Lair:5:   slime_dummy, basic_altar, grunt_megastairs_2
Lair:6:   minmay_lair_end_frog_pond, serial_forest, infiniplex_forest_fountain,
          infiniplex_forest_clump_curved, infiniplex_forest_clump_medium,
          infiniplex_forest_straight_2, guppyfry_lair_drakes, uniq_snorg,
          uniq_josephine
Shoals:1: argonaut_gorgonesque
Shoals:2: serial_shops, nicolae_shop_statue_plus, uniq_polyphemus
Shoals:4: shoals_end_hangedman, shoals_ilsuiw_ice, yaktaur_hedge
Snake:1:  grunt_ministairs_14, grunt_megastairs_4, serial_bayou_shore_b
Snake:2:  uniq_aizul
Snake:3:  minmay_shop_star, basic_stair_grate_trap
Snake:4:  snake_pit_salamanders_mu
Slime:1:  nicolae_slime_barrier
Slime:2:  basic_altar
Orc:1:    basic_altar, roderic_batcave
Orc:2:    kennysheep_orc_mage_school, basic_altar, serial_shops, shop
Elf:1:    eino_elf_arrival_altar, minmay_elf_necromancy, uniq_nikola
Elf:2:    uniq_jorgrun
Elf:3:    nooodl_elf_gasket, st_stairs_7, minivault_25, palyth_stone_intersect,
          uniq_roxanne
Vaults:1: v_misc_16, ontoclasm_vaults_twist, hangedman_vaults_river_flow,
          nicolae_vaults_angled_halls, grunt_vaults_swirl, grunt_vaults_bifocal,
          nicolae_vaults_diagonal_hallway_8, hangedman_vaults_restitches,
          grunt_vaults_hallway_short, vaults_dpeg_cross,
          ontoclasm_vaults_bender, nicolae_vaults_alarming, serial_shops, shop,
          nicolae_shop_crystal
Vaults:2: v_misc_1, vaults_room_door_hall, vaults_room_corners,
          hangedman_vaults_corner, ontoclasm_vaults_tryst,
          nicolae_vaults_twisting_passages, vaults_mumra_lcd,
          dpeg_vaults_monster_row, v_misc_17, v_misc_19,
          grunt_vaults_hallway_long, nicolae_vaults_gold_heap,
          vaults_dpeg_encased_lava, serial_shops, shop
Vaults:3: minmay_crypt_entry_necro_gods, hangedman_vaults_pinch,
          nicolae_vaults_shelves_hall, vaults_room_grunt_arrival_ludios,
          nicolae_vaults_statue_guard, nicolae_vaults_border_crossing,
          serial_shops, shop
Vaults:4: nicolae_vaults_network_quinsquares, v_rooms_5,
          dpeg_vaults_monster_box, vaults_room_ringed_pool, grunt_vaults_twisty,
          v_misc_10, nicolae_vaults_asterisk, vaults_mumra_chevron,
          hangedman_vaults_stitches, serial_shops, nicolae_shop_waterfront,
          uniq_mara, uniq_margery
Crypt:1:  minivault_5, grunt_crypt_arrival_split
Crypt:3:  due_elkab, tomb_entry_simple_bobbens
Depths:1: minmay_misc_feat_five, grunt_hell_entry_dis_grunt, spider_trap,
          corexii_leaking_fountain, minmay_misc_feat_diagonals, nicolae_sextant,
          kennysheep_small_spiral, hangedman_aerie_drop, uniq_sojobo
Depths:2: hangedman_cross_stitches, enter_ziggurat_d, grunt_metal_band,
          abyss_entry_crystal, old_standard_altar, pan_entry,
          minmay_item_behind_shaft, uniq_enchantress
Depths:3: grunt_bent_corner, hangedman_decor_push, hell_entry,
          rand_demon_pan_entry_9, hangedman_corner_corridor,
          kennysheep_random_hallway
Lab:      nicolae_lab_diamond, lab_hedge, nicolae_lab_flowing_pool,
          nicolae_lab_quarters, nicolae_lab_grate_2
Ossuary:  ossuary_tomb_1

Skill      XL: |  1  2  3  4  5  6  7  8  9 10 11 12 13 14 15 16 17 18 19 20 21 22 23 24 |
---------------+-------------------------------------------------------------------------+-----
Spellcasting   | 4 5 6 7 9 11 13 14 15 17 18 19 20 | 20.0
Ice Magic      | 4 5 6 7 8 9 10 | 10.9
Summonings     | 2 3 5 7 8 11 | 11.0
Charms         | 2 5 8 9 18 | 18.9
Conjurations   | 2 4 6 7 10 12 | 12.6
Necromancy     | 3 5 8 10 11 13 16 17 18 19 20 | 20.3
Dodging        | 7 10 12 13 | 13.4
Stealth        | 7 8 |  8.0
Fighting       | 1 5 7 8 |  8.0
Evocations     | 6 |  6.0
Shields        | 8 11 13 15 | 15.0
Hexes          | 7 9 |  9.2
Fire Magic     | 5 9 11 15 19 20 | 20.0

Action                   |  1- 3 |  4- 6 |  7- 9 | 10-12 | 13-15 | 16-18 | 19-21 | 22-24 || total
-------------------------+-------+-------+-------+-------+-------+-------+-------+-------++-------
Melee: Unarmed           |     1 |       |       |       |       |       |       |       ||     1
       Whip              |     1 |     9 |       |       |       |       |       |       ||    10
       Rapier            |       |       |    79 |    23 |     1 |       |       |       ||   103
       Staff             |       |       |       |       |     9 |     2 |       |       ||    11
 Cast: Freeze            |    38 |    48 |    72 |    60 |     1 |       |       |       ||   219
       Throw Frost       |    32 |    46 |   119 |    58 |     1 |       |       |       ||   256
       Ozocubu's Armour  |     1 |     3 |    11 |    27 |    18 |    37 |    14 |    27 ||   138
       Summon Ice Beast  |       |    10 |    88 |   132 |    28 |     5 |       |       ||   263
       Blink             |       |       |       |     1 |     1 |       |       |     2 ||     4
       Throw Icicle      |       |       |       |   153 |   462 |   827 |    38 |       ||  1480
       Regeneration      |       |       |       |     2 |     1 |    18 |     8 |     9 ||    38
       Simulacrum        |       |       |       |    17 |    80 |   134 |    15 |     9 ||   255
       Cause Fear        |       |       |       |       |       |    13 |     2 |       ||    15
       Haunt             |       |       |       |       |       |   223 |   192 |    28 ||   443
       Bolt of Draining  |       |       |       |       |       |       |   569 |   169 ||   738
       Bolt of Fire      |       |       |       |       |       |       |    85 |   148 ||   233
       Ignition          |       |       |       |       |       |       |     2 |    31 ||    33
       Dispel Undead     |       |       |       |       |       |       |       |   266 ||   266
Invok: Receive Corpses   |       |       |       |     5 |    22 |    46 |     1 |     2 ||    76
       Receive Necronomi |       |       |       |       |     1 |       |       |       ||     1
Evoke: Wand              |       |       |       |    11 |     2 |     3 |       |       ||    16
  Use: Scroll            |     6 |       |    11 |    16 |     9 |    14 |    18 |     6 ||    80
       Potion            |     2 |     2 |     2 |     3 |     1 |     3 |     3 |       ||    16
 Stab: Sleeping          |       |       |     1 |       |       |       |       |       ||     1
       Paralysed         |       |       |       |     3 |     1 |       |       |       ||     4
  Eat: Chunk             |     3 |     9 |    26 |    36 |    44 |    77 |    44 |    13 ||   252
       Buggy jelly       |       |       |     2 |       |     1 |    10 |     4 |     3 ||    20
       Buggy fruit       |       |       |       |       |       |    11 |    10 |     6 ||    27
       Buggy ration      |       |       |       |       |       |     3 |       |       ||     3
Armor: Robe              |     4 |       |    57 |     5 |    15 |    36 |       |       ||   117
       Skin              |     1 |    24 |       |       |       |       |       |       ||    25
       Leather armour    |       |       |       |    55 |       |    40 |    16 |    18 ||   129
       Troll leather arm |       |       |       |    10 |    26 |       |       |       ||    36
Dodge: Dodged            |    14 |    31 |   105 |   111 |   165 |   369 |   117 |    69 ||   981
Block: Shield            |       |       |       |       |       |   122 |   131 |   101 ||   354
       Reflection        |       |       |       |       |       |    19 |    55 |    20 ||    94

Table legend:
 A = Spawn XP
 B = Non-spawn XP
 C = Spawn XP percentage of total XP
 D = Spawn monster count
 E = Non-spawn monster count
 F = Spawn count percentage of total count
 G = Total turns spent on level
                    A         B        C        D         E        F      G
               +---------+---------+-------+---------+---------+-------+---------
         Total |       0 |       0 |   N/A |       0 |       0 |   N/A |     0
               +---------+---------+-------+---------+---------+-------+---------
               +---------+---------+-------+---------+---------+-------+---------
